 Dungeon Crawl Stone Soup version 0.27.1-3-gb3d3a73c9e (webtiles) character file.

Game seed: 10213591797513360821

11 CuBeRJAN3 the Skirmisher (level 2, -2/19 HPs)
             Began as a Gargoyle Fighter on Oct 7, 2021.
             Frozen to death by an endoplasm (5 damage)
             ... on level 4 of the Dungeon.
             The game lasted 00:01:27 (721 turns).

CuBeRJAN3 the Skirmisher (Gargoyle Fighter)          Turns: 721, Time: 00:01:28

Health: -2/19      AC:  9    Str: 19    XL:     2   Next: 29%
Magic:  2/2        EV:  8    Int:  8    God:
Gold:   39         SH:  9    Dex:  9    Spells: 1/1 levels left

rFire    . . .     SeeInvis .   a - +0 flail
rCold    . . .     Faith    .   c - +0 kite shield
rNeg     + . .     Spirit   .   e - +0 ring mail
rPois    ∞         Reflect  .   (no helmet)
rElec    +         Harm     .   (no cloak)
rCorr    .         Rampage  .   (no gloves)
Will     .....                  h - +0 pair of boots
Stlth    ..........             (no amulet)
HPRegen  0.06/turn              (no ring)
MPRegen  0.08/turn              (no ring)

@: no status effects
A: sickness immunity, AC +2, negative energy resistance 1, electricity
resistance, torment resistance 1, petrification resistance
a: no special abilities


You were on level 4 of the Dungeon.
You visited 1 branch of the dungeon, and saw 3 of its levels.

You collected 39 gold pieces.

Inventory:

Hand Weapons
 a - a +0 flail (weapon)
Armour
 b - a +0 scale mail
 c - a +0 kite shield (worn)
 e - a +0 ring mail (worn)
 h - a +0 pair of boots (worn)
Scrolls
 g - a scroll of noise {unknown}
 i - a scroll of silence {unknown}
 j - 2 scrolls of identify {unknown}
 k - a scroll of amnesia {unknown}
 l - a scroll of torment {unknown}
 m - a scroll of immolation {unknown}
Potions
 d - a potion of might
 f - a potion of ambrosia {unknown}


   Skills:
 * Level 3.5 Fighting
 * Level 2.1 Maces & Flails
 + Level 3.4 Armour
 + Level 3.5 Shields


You had one spell level left.
You didn't know any spells.
Your spell library was empty.

Dungeon Overview and Level Annotations

Branches:
Dungeon (2/15)

Altars:


Innate Abilities, Weirdness & Mutations

You are immune to sickness and miasma.
Your stone body is resilient. (AC +2)
You are immune to poison.
You resist negative energy. (rN+)
You are resistant to electric shocks. (rElec)
You are resistant to unholy torment.
You are immune to petrification.


Message History

No target in view!
You start resting.
HP restored.
There are no items here.
You see here a quokka corpse.
You open the door.
Found a short sword.
An endoplasm comes into view.
There is an open door here.
You hit the endoplasm.
You kill the endoplasm!
A goblin comes into view. It is wielding a +0 dagger.
The goblin shouts!
An endoplasm and a phantom come into view.
The endoplasm quivers.
An endoplasm comes into view.
The endoplasm quivers.
The endoplasm freezes you.
You are frozen.
The goblin hits you with a +0 dagger.
You see here a +0 short sword.
There is an open door here.
The endoplasm jiggles.
The endoplasm freezes you.
You are frozen.
You hit the endoplasm.
The endoplasm is lightly wounded.
You barely miss the phantom. You block the phantom's attack.
You barely miss the phantom. You block the phantom's attack.
You barely miss the phantom. You block the phantom's attack.
The phantom closely misses you.
You miss the phantom.
The phantom hits you but does no damage. x2
You closely miss the phantom. The phantom hits you.
The phantom blinks!
You blink.
You block the phantom's attack.
You barely miss the phantom. The phantom hits you.
* * * LOW HITPOINT WARNING * * *
The endoplasm freezes you.
You are frozen.
You die...

#####+#+## #.......W#
#.......@# #.......J#
######.#g###########
#...##†#J).........#
#..[##.#...........#
#...##.#...........##
+...'..#.............
#...####.#####.......
#...# #.# .......


You could see a phantom, 2 endoplasms and a goblin.

Vanquished Creatures
  A dart slug (D:1)
  2 bats (D:1)
  An endoplasm (D:4)
  2 giant cockroaches (D:1)
  A goblin (D:1)
  A quokka (D:4)
8 creatures vanquished.

Notes
Turn   | Place    | Note
-------+----------+-------------------------------------------
     0 | D:1      | CuBeRJAN3 the Gargoyle Fighter began the quest for the Orb.
     0 | D:1      | Reached XP level 1. HP: 14/14 MP: 1/1
   120 | D:1      | Reached XP level 2. HP: 19/19 MP: 2/2
   593 | D:2      | You fall into a shaft and drop 2 floors!
   706 | D:4      | Noticed a phantom
   721 | D:4      | Frozen to death by an endoplasm

Illustrated notes

Levels and vault maps discovered:
D:1:      sevenhm_arrival_forest_fort_small_3, layout_rooms,
          minmay_misc_feat_roman, st_stairs_13, chequers_serial_rivers_room_b
D:2:      layout_basic, basic_altar, serial_shops, shop,
          amcnicky_mini_rare_corridor_liquid
D:4:      layout_basic

Action                   || total
-------------------------++-------
Melee: Flail             ||    31
Armor: Scale mail        ||     3
       Ring mail         ||     8
Dodge: Dodged            ||     7
Block: Kite shield       ||    20
